 Dungeon Crawl Stone Soup version 0.27.1-4-g1640c2035a (webtiles) character file.

Game seed: 500221325326383178

295 Johnny the Slasher (level 6, -5/49 HPs)
             Began as a Human Berserker on Nov 2, 2021.
             Was a Believer of Trog.
             Slain by an ogre (29 damage)
             ... on level 5 of the Dungeon.
             The game lasted 00:02:35 (4038 turns).

Johnny the Slasher (Human Berserker)                Turns: 4038, Time: 00:02:36

Health: -5/49      AC:  3    Str: 19    XL:     6   Next: 61%
Magic:  6/6        EV: 12    Int:  8    God:    Trog [**....]
Gold:   171        SH:  0    Dex: 12    Spells: 5/5 levels left

rFire    . . .     SeeInvis .   a - +0 falchion
rCold    . . .     Faith    .   (no shield)
rNeg     . . .     Spirit   .   b - +0 animal skin
rPois    .         Reflect  .   i - +0 helmet
rElec    .         Harm     .   (no cloak)
rCorr    .         Rampage  .   (no gloves)
Will     .....                  (no boots)
Stlth    +.........             (no amulet)
HPRegen  0.16/turn              (no ring)
MPRegen  0.10/turn              (no ring)

@: weak-willed, on berserk cooldown, slowed, very slow
A: no striking features
a: Renounce Religion, Berserk, Trog's Hand


You were on level 5 of the Dungeon.
You worshipped Trog.
Trog was pleased with you.
You visited 1 branch of the dungeon, and saw 5 of its levels.

You collected 207 gold pieces.
You spent 36 gold pieces at shops.

Inventory:

Hand Weapons
 a - a +0 falchion (weapon)
Armour
 b - a +0 animal skin (worn)
 i - a +0 helmet (worn)
Jewellery
 p - a +4 ring of protection
Scrolls
 g - 2 scrolls of fear {unknown}
 l - a scroll of enchant armour {unknown}
 n - a scroll of teleportation {unknown}
Potions
 h - a potion of flight {unknown}
 j - 3 potions of curing
 k - a potion of degeneration {unknown}
 m - a potion of attraction {unknown}
 o - a potion of lignification {unknown}
 q - 2 potions of haste {unknown}


   Skills:
 + Level 4.6 Fighting
 * Level 5.9 Long Blades
 - Level 2.0 Armour
 - Level 2.0 Dodging


You had 5 spell levels left.
You didn't know any spells.
Your spell library was empty.

Dungeon Overview and Level Annotations

Branches:
Dungeon (5/15)
 Temple: D:4-7

Altars:
Ashenzari

Shops:
D:2 :   D:3 !   D:4 *


Message History

The iguana closely misses you.
You riposte.
You completely miss the iguana. You slash the iguana!
The iguana is heavily wounded.
The iguana misses you.
You barely miss the iguana.
The iguana is heavily wounded.
The iguana bites you but does no damage.
You slash the iguana!
You kill the iguana!
Trog accepts your kill.
You feel a strong urge to attack something.
You start resting.
You are no longer berserk.
You are exhausted.
You feel yourself slow down.
You start resting.
An ogre comes into view. It is wielding a +0 giant spiked club.
An ogre is nearby!
An ogre is nearby!
The ogre shouts!
Your skin crawls.
You feel strong-willed.
You feel the effects of Trog's Hand fading.
As you read the scroll labelled HOIKHL JETWONGARRE, it crumbles to dust.
It is a scroll of amnesia.
You feel forgetful for a moment.
As you read the scroll labelled KECEGUMMIK, it crumbles to dust.
You speak a Word of immense power!
It was a scroll of holy word.
The ogre hits you with a +0 giant spiked club.
As you read the scroll labelled YQISES SEROBIE, it crumbles to dust.
You hear a loud clanging noise!
It was a scroll of noise.
Your skin stops crawling.
You feel less strong-willed.
You hear a shout! x4
The ogre closely misses you.
As you read the scroll labelled JIJITZOONI, it crumbles to dust.
Magic quickly surges around you.
It was a scroll of vulnerability.
The ogre hits you with a +0 giant spiked club!!
Ouch! That really hurt!
You die...

..#.... ..#.#...#
.<##.##... ###.#.#...#
.......... ...#.#...##
...#.##.#.# #...#....# #
...#.##.#.## #........#..#
...#.##....####.........O..
......................#
#..#.##.....###..#.##.#
#..#.##.#.#.....@O....#
#................#.#..#
#.........###....#.#..#
..##.##.#.#####.........
...........####.####..##.
..##..................# # .
####.######.......## #...
#..####.# #... #.## ..


You could see an ogre (weak-willed).

Vanquished Creatures
  An orc priest (D:4)
  An iguana (D:5)
  2 orc wizards
  4 gnolls (D:4)
  A howler monkey skeleton (D:4)
  5 adders
  An adder skeleton (D:4)
  2 worms
  A dart slug (D:2)
  8 orcs
  8 ball pythons
  7 endoplasms
  3 giant cockroaches
  5 hobgoblins
  4 quokkas
  3 bats
  4 frilled lizards
  8 goblins
  5 kobolds
  7 rats
80 creatures vanquished.

Notes
Turn   | Place    | Note
-------+----------+-------------------------------------------
     0 | D:1      | Johnny the Human Berserker began the quest for the Orb.
     0 | D:1      | Reached XP level 1. HP: 18/18 MP: 1/1
   305 | D:1      | Reached XP level 2. HP: 15/24 MP: 2/2
   826 | D:1      | Reached ** piety under Trog
   872 | D:1      | Reached XP level 3. HP: 24/29 MP: 3/3
  1175 | D:2      | Found Zuedoirr's Book Emporium.
  1179 | D:2      | Reached skill level 4 in Long Blades
  1582 | D:2      | Reached XP level 4. HP: 35/35 MP: 4/4
  2170 | D:3      | Reached XP level 5. HP: 30/42 MP: 5/5
  2292 | D:3      | Found Odalaepn's Distillery.
  2301 | D:3      | Bought a potion of curing for 36 gold pieces
  2919 | D:4      | Reached skill level 5 in Long Blades
  3025 | D:4      | Reached XP level 6. HP: 48/48 MP: 6/6
  3447 | D:4      | Found a broken altar of Ashenzari.
  3939 | D:4      | Found Wadin's Assorted Antiques.
  3985 | D:5      | Entered Level 5 of the Dungeon
  4030 | D:5      | Noticed an ogre
  4038 | D:5      | Slain by an ogre

Illustrated notes

Levels and vault maps discovered:
D:1:      lemuel_arrival_behind_the_door_large, layout_rooms
D:2:      layout_rooms, serial_shops, shop_fountains, minmay_misc_feat_plants,
          minmay_worlds_worst_comb
D:3:      layout_basic, serial_shops, nicolae_shop_competitors_out_of_business
D:4:      layout_basic, ashenzari_conservatory_becter, serial_shops, shop,
          st_stairs_6
D:5:      layout_basic, mainiacjoe_overflow_24_doors, serial_shops,
          nicolae_shop_statue_plus, minmay_hollow_rounded_squares, uniq_menkaure

Skill      XL: |  1  2  3  4  5 |
---------------+----------------+-----
Long Blades    | 4 5 |  5.9
Fighting       | 4 |  4.6
Armour         | |  2.0
Dodging        | |  2.0

Action                   |  1- 3 |  4- 6 || total
-------------------------+-------+-------++-------
Melee: Falchion          |    88 |   179 ||   267
Invok: Berserk           |     1 |     5 ||     6
       Trog's Hand       |       |     3 ||     3
  Use: Scroll            |       |     4 ||     4
 Stab: Sleeping          |       |     1 ||     1
Armor: Animal skin       |    12 |    35 ||    47
Dodge: Dodged            |    57 |   107 ||   164
       Rpst.: Falchion   |    19 |    38 ||    57
